 Dungeon Crawl Stone Soup version 0.28.0-53-g5a82cb258f (webtiles) character file.

Game seed: 10169809887303740684

1424 bnorton916 the Magician (level 8, -21/41 HPs)
             Began as a Deep Elf Fire Elementalist on July 18, 2022.
             Was an Initiate of Gozag.
             Demolished by a two-headed ogre
             ... wielding a +0 giant spiked club
              (22 damage)
             ... on level 5 of the Dungeon.
             The game lasted 00:08:17 (9501 turns).

bnorton916 the Magician (DEFE)                      Turns: 9501, Time: 00:08:17

Health: -21/41     AC: 10    Str: 12    XL:     8   Next: 44%
Magic:  18/21      EV: 13    Int: 21    God:    Gozag
Gold:   232        SH:  0    Dex: 24    Spells: 12/22 levels left

rFire   . . .      SeeInvis .   (no weapon)
rCold   . . .      Faith    .   (no shield)
rNeg    . . .      Spirit   .   y - +6 leather armour "Vagat" {Str+7 Int-2 Dex+3 Stlth+}
rPois   .          Reflect  .   o - +0 helmet
rElec   .          Harm     .   (no cloak)
rCorr   .          Rampage  .   (no gloves)
Will    .....                   (no boots)
Stlth   +++.......              z - amulet of regeneration
HPRegen 0.93/turn               n - +6 ring of dexterity
MPRegen 0.17/turn               (no ring)

@: gold aura
A: no striking features
a: Renounce Religion, Potion Petition, Call Merchant, Bribe Branch


You were on level 5 of the Dungeon.
You worshipped Gozag.
Gozag was aware of your devotion.
You visited 2 branches of the dungeon, and saw 7 of its levels.

You collected 531 gold pieces.
You spent 254 gold pieces at shops.
You paid 45 gold pieces to Gozag.

Inventory:

Missiles
 c - 6 javelins
 i - 78 stones
 B - 4 poisoned darts
Armour
 a - a +0 robe
 o - a +0 helmet (worn)
 y - the +6 leather armour "Vagat" (worn) {Str+7 Int-2 Dex+3 Stlth+}
   (You bought it in a shop on level 4 of the Dungeon)

   Str:       It affects your strength (+7).
   Int:       It affects your intelligence (-2).
   Dex:       It affects your dexterity (+3).
   Stlth:     It makes you more stealthy.
Jewellery
 l - a ring of ice
 n - a +6 ring of dexterity (left hand)
 z - an amulet of regeneration (around neck)
Wands
 b - a wand of acid (9)
 A - a wand of iceblast (6)
Scrolls
 f - a scroll of teleportation
 h - 2 scrolls of fog
 p - 4 scrolls of amnesia
 u - a scroll of blinking {unknown}
 v - 3 scrolls of enchant weapon {unknown}
Potions
 d - 2 potions of brilliance
 g - a potion of cancellation
 j - a potion of degeneration {unknown}
 k - a potion of invisibility {unknown}
 m - 3 potions of mutation
 q - a potion of magic
 r - a potion of lignification {unknown}
 w - 2 potions of curing {unknown}
 x - 2 potions of heal wounds


   Skills:
 - Level 4.0 Armour
 - Level 2.4 Dodging
 - Level 2.4 Stealth
 + Level 7.5 Spellcasting
 + Level 5.8 Conjurations
 + Level 6.6 Fire Magic


You had 12 spell levels left.
You knew the following spells:

 Your Spells              Type           Power      Damage    Failure   Level
a - Foxfire               Conj/Fire      100%       2x1d9     1%          1
b - Scorch                Fire           70%        2d9       1%          2
c - Conjure Flame         Conj/Fire      34%        6-21      2%          3
d - Flame Wave            Conj/Fire      34%        2d8       9%          4

Your spell library contained the following spells:

 Spells                   Type           Power      Damage    Failure   Level
 Inner Flame              Hex/Fire       21%        N/A       9%          3
 Petrify                  Tmut/Erth      7%         N/A       71%         4
 Metabolic Englaciation   Hex/Ice        3%         N/A       96%         5
 Statue Form              Tmut/Erth      4%         N/A       100%        6


Dungeon Overview and Level Annotations

Branches:
Dungeon (6/15)             Temple (1/1) D:4

Altars:
Ashenzari
Cheibriados
Dithmenos
Elyvilon
Gozag
Hepliaklqana
Kikubaaqudgha
Makhleb
Nemelex Xobeh
Okawaru
Qazlal
Sif Muna
Uskayaw
Vehumet
Wu Jian
Xom
Yredelemnul
Zin
The Shining One

Shops:
D:1 *   D:4 [[


Message History

The two-headed ogre is moderately wounded.
The two-headed ogre's fire resistance burns away.
The two-headed ogre barely misses you. The two-headed ogre closely misses you.
The two-headed ogre closely misses you. The two-headed ogre misses you.
Unknown command.
You see here 27 stones.
Casting: Scorch (safe; 1% risk of failure)
Confirm with . or Enter, or press ? or * to list all spells.
Okay, then.
Casting: Scorch (safe; 1% risk of failure)
Confirm with . or Enter, or press ? or * to list all spells.
You conjure some foxfire!
The two-headed ogre is no longer more vulnerable to fire.
The foxfire hits the two-headed ogre but does no damage.
The two-headed ogre is moderately wounded.
The foxfire hits the two-headed ogre.
The two-headed ogre is moderately wounded.
The two-headed ogre hits you with a +0 giant spiked club!!
The two-headed ogre hits you with a +0 giant club.
There is a stone staircase leading up here.
There is a stone staircase leading up here.
The two-headed ogre closely misses you.
The two-headed ogre hits you with a +0 giant club!!
* * * LOW HITPOINT WARNING * * *
You climb upwards.
There is a stone staircase leading down here.
Casting: Foxfire (safe; 1% risk of failure)
Confirm with . or Enter, or press ? or * to list all spells.
Okay, then.
Aiming: Corrosive Bolt
Press: ? - help, Shift-Dir - straight line, f - two-headed ogre
Aim: a two-headed ogre, wielding a +0 giant spiked club and a +0 giant club (moderately wounded, 86% to hit)
The bolt of acid hits the two-headed ogre!
The two-headed ogre is moderately wounded.
The two-headed ogre hits you with a +0 giant spiked club!
* * * LOW HITPOINT WARNING * * *
The two-headed ogre hits you with a +0 giant club!!
Ouch! That really hurt!
You die...
Your body crumbles into a pile of gold.

.#########.......................
.........#..................#####
...#####..........##.............
##.>.#####........##........#####
###...>##...................)##
##..............#.......##[.##
#...##..................##..<
#...##.....O...##.......###..
#...........@.............#..
#...###.###...#####.....#....
#...# #.###...#####.....##...
#...# #.....#...<##.##.###...
#######.....####.##..#.....##
#### ###....### #.###.....#...
...#####......# #.##.......##.
...##....###### #...........#.
...#..#### ##......)...##


You could see a two-headed ogre.

Vanquished Creatures
  Grinder (D:4)
  Eustachio (D:4)
  2 ogres
  A necrophage (D:5)
  2 phantoms (D:5)
  A bullfrog (D:5)
  2 scorpions (D:5)
  A wyvern skeleton (D:5)
  2 bullfrog zombies (D:5)
  A hound (D:4)
  A bullfrog skeleton (D:5)
  2 orc priests
  A centaur skeleton (D:5)
  A jelly (D:5)
  2 iguanas
  An orc wizard (D:4)
  A gnoll (D:1)
  4 adders
  A shadow imp (D:5)
  A white imp (D:5)
  2 dart slugs (D:2)
  7 orcs
  7 endoplasms
  4 giant cockroaches
  4 goblins
  3 hobgoblins
  2 jackals (D:1)
  6 quokkas
  4 ball pythons
  7 bats
  7 kobolds
  6 rats
88 creatures vanquished.

Vanquished Creatures (collateral kills)
  3 foxfires (D:1)
3 creatures vanquished.

Vanquished Creatures (others)
  A human (D:3)
  436 foxfires
437 creatures vanquished.

Grand Total: 528 creatures vanquished

Notes
Turn   | Place    | Note
-------+----------+-------------------------------------------
     0 | D:1      | bnorton916 the Deep Elf Fire Elementalist began the quest
                  | for the Orb.
     0 | D:1      | Reached XP level 1. HP: 10/10 MP: 6/6
   601 | D:1      | Reached XP level 2. HP: 4/15 MP: 2/8
  1320 | D:1      | Found Togaar's Assorted Antiques.
  1719 | D:1      | Reached XP level 3. HP: 19/19 MP: 7/10
  3023 | D:2      | Reached skill level 4 in Spellcasting
  3533 | D:3      | Found a faded altar of an unknown god.
  3661 | D:3      | Reached XP level 4. HP: 24/24 MP: 8/12
  3833 | D:3      | Learned a level 2 spell: Scorch
  3837 | D:3      | Learned a level 3 spell: Conjure Flame
  3842 | D:3      | Learned a level 4 spell: Flame Wave
  4300 | D:3      | Found an ancient bone altar of Kikubaaqudgha.
  4301 | D:3      | Noticed a human
  4303 | D:3      | Killed a human
  4378 | D:4      | Found a staircase to the Ecumenical Temple.
  4804 | D:4      | Noticed Grinder
  4811 | D:4      | Killed Grinder
  4812 | D:4      | Reached skill level 5 in Spellcasting
  4812 | D:4      | Reached skill level 5 in Fire Magic
  4812 | D:4      | Reached XP level 5. HP: 11/28 MP: 4/15
  4812 | D:4      | Reached XP level 6. HP: 13/32 MP: 4/16
  5349 | D:4      | Noticed Eustachio
  5668 | D:4      | Killed Eustachio
  5669 | D:4      | Reached skill level 6 in Spellcasting
  6001 | Temple   | Entered the Ecumenical Temple
  6107 | Temple   | Became a worshipper of Gozag Ym Sagoz the Greedy
  6176 | D:4      | Reached XP level 7. HP: 36/36 MP: 13/18
  6207 | D:4      | Found Wevunevu's Antique Armour Shop.
  6382 | D:4      | Found Pishu's Antique Armour Boutique.
  6716 | D:1      | Bought a scroll labelled ANKYIRAKKEA for 25 gold pieces
  6716 | D:1      | Bought a scroll labelled SEFUMO VEQI for 25 gold pieces
  6716 | D:1      | Bought a puce potion for 22 gold pieces
  6783 | D:5      | Entered Level 5 of the Dungeon
  6788 | D:5      | HP: 1/36 [orc/+0 dagger (2)]
  8042 | D:5      | Reached skill level 5 in Conjurations
  8042 | D:5      | Reached XP level 8. HP: 41/41 MP: 14/19
  8219 | D:4      | Bought a fine leather armour for 182 gold pieces
  8219 | D:4      | Identified the +6 leather armour "Vagat" {Str+7 Int-2 Dex+3
                  | Stlth+} (You bought it in a shop on level 4 of the Dungeon)
  8338 | D:5      | Reached skill level 7 in Spellcasting
  9478 | D:6      | Noticed a two-headed ogre
  9501 | D:5      | HP: 1/41 [two-headed ogre/+0 giant spiked club (13)]
  9501 | D:5      | Demolished by a two-headed ogre

Illustrated notes

Levels and vault maps discovered:
D:1:      nzn_arrival_depleted_hourglass, layout_rooms, serial_shops,
          nicolae_shop_overgrown_old_shop
D:2:      layout_loops_ring
D:3:      layout_loops_corners, tgw_kikubaaqudgha,
          chequers_ecumenical_altar_simple, st_stairs_11
D:4:      layout_rooms, minmay_temple_entry_tees, serial_shops, shop,
          nicolae_shop_stone, serial_glass, glass_columns_b, glass_columns_b,
          glass_columns_c, glass_columns_a, glass_columns_b, glass_columns_c,
          uniq_eustachio, uniq_grinder
D:5:      layout_rooms, enter_ossuary_2, small_statue_intersection
D:6:      layout_cave_pools, portal_sewer_entry_b, uniq_blork_the_orc,
          uniq_pikel
Temple:   mainiacjoe_temple_coin_purse

Skill      XL: |  1  2  3  4  5  6  7  8 |
---------------+-------------------------+-----
Conjurations   | 2 3 4 5 |  5.8
Fire Magic     | 4 5 6 |  6.6
Spellcasting   | 4 5 6 7 |  7.5
Armour         | 4 |  4.0
Dodging        | |  2.4
Stealth        | |  2.4

Action                   |  1- 3 |  4- 6 |  7- 9 || total
-------------------------+-------+-------+-------++-------
 Cast: Foxfire           |   164 |    28 |    80 ||   272
       Scorch            |       |    14 |    25 ||    39
Evoke: Wand              |       |       |     2 ||     2
  Use: Scroll            |       |       |    12 ||    12
Armor: Robe              |     2 |     2 |     2 ||     6
       Leather armour    |       |       |     7 ||     7
Dodge: Dodged            |     9 |    12 |    32 ||    53
